 Dungeon Crawl Stone Soup version 0.29.1-15-g9cfb28693d (webtiles) character file.

Game seed: 16800907833372235916

24805 protoss039 the Covert (level 13, -24/76 HPs)
             Began as a Tengu Enchanter on Mar 24, 2023.
             Was a Priest of Dithmenos.
             Killed from afar by a frost giant (58 damage)
             ... with a bolt of cold
             ... on level 13 of the Dungeon.
             The game lasted 00:45:44 (16067 turns).

protoss039 the Covert (Tengu Enchanter)            Turns: 16067, Time: 00:45:44

Health: -24/76     AC: 17    Str: 17    XL:     13   Next: 15%
Magic:  24/24      EV: 20    Int: 16    God:    Dithmenos [***...]
Gold:   698        SH:  4    Dex: 19    Spells: 12/26 levels left

rFire   . . .      SeeInvis .   F - +4 quick blade
rCold   . . .      Faith    .   M - +0 buckler
rNeg    . . .      Spirit   .   N - +0 acid dragon scales
rPois   .          Reflect  .   U - +1 hat "Jarhab" {Contam Rampage Str+8 Slay-2}
rElec   .          Harm     .   (no cloak)
rCorr   +          Rampage  +   C - +1 pair of gloves
Will    .....                   (boots unavailable)
Stlth   ++++++....              v - amulet of magic regeneration
HPRegen 0.22/turn               o - +4 ring of protection
MPRegen 0.59/turn               L - +4 ring of protection

@: flying quickly and evasively, wreathed by umbra, quick
A: beak, talons 3, nimble flight
a: Renounce Religion, Shadow Step


You were on level 13 of the Dungeon.
You worshipped Dithmenos.
Dithmenos was most pleased with you.
You visited 2 branches of the dungeon, and saw 14 of its levels.
You also visited: Ossuary.

You collected 698 gold pieces.

Inventory:

Hand Weapons
 e - a +1 dagger of draining
 r - the +8 mace of Ariseergh {venom, rPois rF- Int+5 Dex+4}
   (You found it on level 10 of the Dungeon)

   It poisons the flesh of those it strikes.
   Int:       It affects your intelligence (+5).
   Dex:       It affects your dexterity (+4).
   rF:        It makes you vulnerable to fire.
   rPois:     It protects you from poison.
 F - a +4 quick blade (weapon)
 P - a +2 scimitar of flaming
Missiles
 d - 5 javelins (quivered)
 Q - a throwing net
 Y - 4 silver javelins
Armour
 i - an orb of light
 C - a +1 pair of gloves (worn)
 M - a +0 buckler (worn)
 N - +0 acid dragon scales (worn)
 U - the +1 hat "Jarhab" (worn) {Contam Rampage Str+8 Slay-2}
   (You acquired it on level 9 of the Dungeon)

   Str:       It affects your strength (+8).
   Slay:      It affects your accuracy & damage with ranged weapons and melee
   (-2).
   Contam:    It causes magical contamination when unequipped.
   Rampage:   It bestows one free step when moving towards enemies.
Jewellery
 o - a +4 ring of protection (left hand)
 v - an amulet of magic regeneration (around neck)
 z - an amulet of reflection
 L - a +4 ring of protection (right hand)
 S - a ring of poison resistance
 T - a ring of positive energy
 X - a +4 ring of evasion
Wands
 w - a wand of paralysis (25)
 x - a wand of flame (24)
 I - a wand of digging (7)
 K - a wand of roots (17)
 O - a wand of polymorph (13)
 W - a wand of mindburst (6)
Scrolls
 a - 2 scrolls of immolation
 b - a scroll of vulnerability {unknown}
 f - a scroll of blinking {unknown}
 j - 4 scrolls of fear
 l - 3 scrolls of amnesia
 n - 2 scrolls of torment
 q - 2 scrolls of poison {unknown}
 t - a scroll of summoning {unknown}
 u - 3 scrolls of fog
 y - a scroll of identify
 B - a scroll of noise {unknown}
 H - 3 scrolls of magic mapping
 R - a scroll of silence {unknown}
Potions
 c - 3 potions of invisibility
 g - 5 potions of mutation
 h - 8 potions of curing
 k - a potion of haste
 m - a potion of lignification {unknown}
 p - a potion of ambrosia {unknown}
 s - a potion of heal wounds
 A - 4 potions of brilliance
 E - a potion of degeneration {unknown}
 G - a potion of attraction {unknown}
 J - 3 potions of cancellation
 V - a potion of resistance {unknown}


   Skills:
 + Level 7.3 Fighting
 + Level 7.2 Short Blades
 - Level 3.0 Armour
 * Level 9.9 Dodging
 * Level 10.1 Stealth
 + Level 7.0 Spellcasting
 - Level 6.0 Conjurations
 - Level 6.0 Hexes
 - Level 6.0 Ice Magic
 - Level 3.0 Air Magic
 - Level 3.0 Poison Magic
 - Level 6.0 Evocations


You had 12 spell levels left.
You knew the following spells:

 Your Spells              Type           Power      Damage    Failure   Level
a - Ensorcelled Hibernat  Hex/Ice        48%        N/A       3%          2
b - Confusing Touch       Hex            24%        N/A       6%          3
c - Tukima's Dance        Hex            24%        N/A       6%          3
d - Dazzling Flash        Conj/Hex       48%        N/A       6%          3
e - Mephitic Cloud        Conj/Pois/Air  18%        N/A       13%         3

Your spell library contained the following spells:

 Spells                   Type           Power      Damage    Failure   Level
 Poisonous Vapours        Pois/Air       30%        N/A       10%         2
 Sting                    Tmut/Pois      40%        1d5       12%         1
 Scorch                   Fire           10%        2d5       34%         2
 Sublimation of Blood     Necr           5%         N/A       34%         2
 Wereblood                Tmut           5%         N/A       34%         2
 Leda's Liquefaction      Hex/Erth       7%         N/A       54%         4
 Olgreb's Toxic Radiance  Pois           15%        N/A       54%         4
 Corpse Rot               Necr/Pois/Air  12%        N/A       69%         4
 Fireball                 Conj/Fire      7%         3d5       88%         5
 Dispel Undead            Necr           5%         3d7       92%         4
 Lee's Rapid Deconstruct  Erth           2%         3d6*      99%         5
 Death Channel            Necr           2%         N/A       100%        6
 Statue Form              Tmut/Erth      3%         N/A       100%        6
 Summon Hydra             Summ           2%         N/A       100%        7


Dungeon Overview and Level Annotations

Branches:
Dungeon (13/15) Zot: 26539  Temple (1/1) D:6 Zot: 5955    Lair (0/5) D:8
    Orc (0/2) D:9          Vaults (0/5) D:13        Ossuary (visited)

Altars:
Ashenzari
Cheibriados
Dithmenos
Elyvilon
Fedhas
Gozag
Hepliaklqana
Kikubaaqudgha
Makhleb
Nemelex Xobeh
Okawaru
Qazlal
Ru
Sif Muna
Trog
Uskayaw
Vehumet
Wu Jian
Xom
Yredelemnul
Zin
The Shining One

Shops:
D:1 (   D:4 :   D:9 [

Annotations:
D:4 Dowan, Duvessa
D:6 1 runed translucent door, gargbit's ghost, novice DsHu
D:10 Fannar
D:13 Erolcha


Innate Abilities, Weirdness & Mutations

You have a beak for a mouth.
You have claws for feet.
Your magical nature lets you fly swiftly and evasively.


Message History

You claw Urug, but do no damage. You peck Urug.
You kill Urug!
Dithmenos accepts your kill.
You will now sometimes bleed smoke when heavily injured by enemies.
Unknown command.
Items here: ( [ ††.
Y - 4 silver javelins
There is a stone staircase leading down, spattered with blood here.
Okay, then.
Okay, then.
Okay, then.
Unknown command.
You start resting.
Your +1 vampiric broad axe falls from the air.
Your magical contamination has completely faded away.
Unknown command.
You start resting.
HP restored.
Items here: ) [ ÷ †.
Okay, then.
There is a stone staircase leading down, spattered with blood here.
Okay, then.
Items here: ) [ ÷ †.
You drop a +2 vampiric short sword.
There is a stone staircase leading down, spattered with blood here.
You start resting.
Magic restored.
You fly downwards.
Level annotation: Erolcha The vampire mosquito barely misses you.
The centaur warrior wields a +0 longbow.
The centaur warrior shoots an arrow.
The arrow closely misses you.
The frost giant points at you and mumbles some strange words.
The bolt of cold hits you!!
The vampire mosquito bites you but does no damage.
The centaur warrior shoots an arrow.
The arrow hits you!
The frost giant points at you and mumbles some strange words.
The bolt of cold hits you!!!
Ouch! That really hurt!
You die...

#.#.# #.#.## .
.....#######.
......?......
###/J..J........
#......H........
#.####...............
#.Oy@.........><.....
.....####..)..c..C∩.....
... ................ .
#................
..###C...?....... ...
#............ ###
..##########$ ## .


You could see a frost giant, a slime creature, a centaur warrior, an ogre mage
and a vampire mosquito.

Vanquished Creatures
  An ettin (D:12)
  5 boulder beetles
  Erica (D:8)
  A two-headed ogre (D:12)
  Urug (D:12)
  3 deep elf pyromancers
  2 ugly things (D:12)
  4 cyclopes
  2 manticores (D:12)
  A gargoyle (D:11)
  Psyche (D:8)
  A kobold demonologist (D:9)
  A komodo dragon (D:12)
  An unseen horror (D:12)
  4 trolls
  A hornet (D:9)
  11 slime creatures
  Sigmund (D:6)
  12 yaks
  A wraith (D:10)
  2 basilisks
  3 wyverns
  A vampire (D:10)
  14 humans
  2 steam dragons
  A dancing weapon (D:8)
  Edmund (D:6)
  4 acid dragons
  A water moccasin (D:6)
  3 ice beasts
  6 orc warriors
  2 black bears
  2 sky beasts
  3 ogres
  3 centaurs
  5 bullfrogs
  A kobold brigand (D:10)
  2 gnoll sergeants
  A necrophage (D:8)
  5 scorpions
  5 wights
  2 killer bees (D:9)
  5 electric eels (D:10)
  7 howler monkeys
  4 centaur zombies (Ossuary)
  3 gnoll boudas
  4 hounds
  4 orc priests
  3 jellies
  6 iguanas
  Natasha (D:4)
  6 orc wizards
  Ijyb (D:4)
  6 mummies (Ossuary)
  21 gnolls
  5 adders
  3 white imps
  An ufetubus (D:7)
  A worm (D:3)
  3 dart slugs
  31 orcs
  7 bats
  9 endoplasms
  5 giant cockroaches
  3 hobgoblins (D:2)
  2 quokkas (D:1)
  8 ball pythons
  4 frilled lizards
  4 goblins
  2 hobgoblin zombies (Ossuary)
  11 kobolds
  8 rats
302 creatures vanquished.

Vanquished Creatures (collateral kills)
  3 wights
  A killer bee (D:9)
4 creatures vanquished.

Vanquished Creatures (others)
  5 dancing weapons
  A fungus (D:8)
  2 plants (D:6)
  2 withered plants (D:1)
10 creatures vanquished.

Grand Total: 316 creatures vanquished

Notes
Turn   | Place    | Note
-------+----------+-------------------------------------------
     0 | D:1      | protoss039 the Tengu Enchanter began the quest for the Orb.
     0 | D:1      | Reached XP level 1. HP: 10/10 MP: 4/4
   407 | D:1      | Reached XP level 2. HP: 15/16 MP: 6/6
   411 | D:1      | Learned a level 2 spell: Ensorcelled Hibernation
   544 | D:1      | Reached skill level 1 in Fighting
   563 | D:1      | Reached XP level 3. HP: 14/20 MP: 5/7
   912 | D:1      | Found Ywoqiraph's Weapon Emporium.
  1032 | D:1      | Found a faded altar of an unknown god.
  1266 | D:2      | Learned a level 3 spell: Confusing Touch
  1598 | D:2      | Reached XP level 4. HP: 24/25 MP: 8/8
  1721 | D:2      | Reached skill level 1 in Ice Magic
  1992 | D:3      | Found a radiant altar of Vehumet.
  2451 | D:3      | Learned a level 3 spell: Tukima's Dance
  2583 | D:4      | Reached skill level 1 in Armour
  2583 | D:4      | Gained mutation: Your magical nature lets you fly swiftly
                  | and evasively. [Tengu growth]
  2583 | D:4      | Reached XP level 5. HP: 28/29 MP: 7/10
  2738 | D:4      | Found Jayneoh's Vocational Training.
  2780 | D:4      | Noticed Ijyb
  2791 | D:4      | Killed Ijyb
  2890 | D:4      | Noticed Duvessa
  2909 | D:4      | Noticed Dowan
  2977 | D:4      | Noticed Natasha
  3277 | D:4      | Found the +11 plutonium sword {Contam Stlth-}
  3285 | D:4      | Noticed an ogre
  3291 | D:4      | Killed an ogre
  3292 | D:4      | Reached XP level 6. HP: 35/35 MP: 11/11
  3418 | D:4      | Killed Natasha
  3625 | D:5      | Entered Level 5 of the Dungeon
  3786 | D:5      | Noticed a black bear
  3789 | D:5      | Killed a black bear
  3836 | D:5      | Reached XP level 7. HP: 40/40 MP: 11/13
  4273 | D:5      | Got the Parchment of the Excruciating Summer
  4621 | D:5      | Learned a level 3 spell: Dazzling Flash
  4643 | D:6      | Reached skill level 4 in Stealth
  4643 | D:6      | Reached XP level 8. HP: 46/46 MP: 14/14
  4644 | D:6      | Found a staircase to the Ecumenical Temple.
  4661 | D:6      | Reached skill level 1 in Conjurations
  4667 | Temple   | Entered the Ecumenical Temple
  4962 | D:6      | Noticed Sigmund
  4975 | D:6      | Killed Sigmund
  4976 | D:6      | Reached skill level 1 in Evocations
  4990 | D:6      | Noticed Edmund
  4995 | D:6      | Killed Edmund
  5447 | D:6      | Found a runed translucent door.
  5452 | D:6      | Noticed gargbit's ghost (novice DsHu)
  5531 | D:6      | Reached XP level 9. HP: 30/52 MP: 14/16
  5735 | D:6      | Learned a level 3 spell: Mephitic Cloud
  5985 | D:6      | Reached skill level 1 in Air Magic
  6290 | D:7      | Reached skill level 1 in Poison Magic
  6367 | D:7      | Found a sand-covered staircase.
  6425 | Ossuary  | Entered an ossuary
  6957 | D:7      | Reached skill level 5 in Stealth
  7476 | D:8      | Noticed Psyche
  7482 | D:8      | Killed Psyche
  7483 | D:8      | Reached skill level 5 in Dodging
  7483 | D:8      | Reached skill level 5 in Spellcasting
  7492 | D:8      | Reached XP level 10. HP: 38/58 MP: 12/18
  8259 | D:8      | Found a staircase to the Lair.
  8411 | D:8      | Reached skill level 5 in Conjurations
  8449 | D:8      | Reached skill level 5 in Fighting
  8509 | D:8      | Noticed Erica
  8522 | D:8      | Killed Erica
  8523 | D:8      | Reached skill level 6 in Stealth
  9719 | D:9      | Found a shadowy altar of Dithmenos.
  9719 | D:9      | Found a snail-covered altar of Cheibriados.
  9720 | D:9      | Found a shimmering altar of Xom.
  9767 | D:9      | Became a worshipper of Dithmenos the Shadowed
  9853 | D:9      | Noticed a deep elf pyromancer
  9870 | D:9      | Found an opulent altar of Gozag.
  9917 | D:9      | Noticed a cyclops
  9918 | D:9      | Noticed a kobold demonologist
  9928 | D:9      | Found Xyawyo's Armour Emporium.
  9968 | D:9      | Found a staircase to the Orcish Mines.
 10264 | D:9      | Reached skill level 5 in Short Blades
 10264 | D:9      | Reached XP level 11. HP: 22/64 MP: 20/20
 10344 | D:9      | Reached skill level 7 in Stealth
 10588 | D:9      | Noticed a cyclops
 10588 | D:9      | Noticed a boulder beetle
 10775 | D:9      | Reached * piety under Dithmenos
 11060 | D:9      | Noticed a sun demon
 11064 | D:9      | Reached skill level 5 in Hexes
 11151 | D:9      | Killed a cyclops
 11169 | D:9      | Killed a boulder beetle
 11377 | D:9      | Killed a cyclops
 11417 | D:9      | Killed a deep elf pyromancer
 11435 | D:9      | Identified 2 scrolls of acquirement
 11436 | D:9      | Acquired the +1 hat "Jarhab" {Contam Rampage Str+8 Slay-2}
 11443 | D:9      | Acquired a +4 quick blade
 11823 | D:10     | Entered Level 10 of the Dungeon
 11897 | D:10     | Noticed Fannar
 11925 | D:10     | Identified the +8 mace of Ariseergh {venom, rPois rF- Int+5
                  | Dex+4}
 12195 | D:10     | Found a glowing silver altar of Zin.
 12195 | D:10     | Found a shimmering blue altar of Sif Muna.
 12235 | D:10     | Reached skill level 8 in Stealth
 12699 | D:11     | Reached skill level 5 in Ice Magic
 12702 | D:11     | Reached ** piety under Dithmenos
 12786 | D:11     | Noticed a boulder beetle
 12803 | D:11     | Killed a boulder beetle
 12816 | D:11     | Noticed a boulder beetle
 12837 | D:11     | Killed a boulder beetle
 12838 | D:11     | Reached XP level 12. HP: 11/70 MP: 9/22
 13167 | D:11     | Noticed a boulder beetle
 13175 | D:11     | Killed a boulder beetle
 13176 | D:11     | Reached skill level 5 in Evocations
 13961 | D:12     | Noticed a boulder beetle
 13977 | D:12     | Killed a boulder beetle
 13978 | D:12     | Reached skill level 9 in Stealth
 14434 | D:12     | Noticed an ettin
 14448 | D:12     | Killed an ettin
 15558 | D:13     | Noticed a two-headed ogre
 15563 | D:13     | Noticed an ogre mage
 15565 | D:13     | Noticed a centaur warrior
 15567 | D:13     | Noticed Urug
 15576 | D:13     | Noticed Erolcha
 15602 | D:13     | Found a gate to the Vaults.
 15604 | D:13     | Paralysed by an ogre mage for 3 turns
 15638 | D:12     | Reached XP level 13. HP: 56/76 MP: 9/24
 15791 | D:13     | Noticed a frost giant
 15834 | D:12     | Reached skill level 10 in Stealth
 16048 | D:12     | Killed Urug
 16048 | D:12     | Reached *** piety under Dithmenos
 16067 | D:13     | Killed from afar by a frost giant

Illustrated notes

Levels and vault maps discovered:
D:1:      minmay_arrival_doors, layout_loops_ring,
          shapermc_ecumenical_altar_flowoftime, serial_shops,
          nicolae_shop_bloodbath_and_beyond, hex_large, roderic_three_in_a_row
D:2:      layout_rooms
D:3:      layout_rooms, mainiacjoe_overflow_alcove_1
D:4:      layout_basic, nicolae_shop_vocational, uniq_ijyb, uniq_natasha,
          uniq_duvessa
D:5:      layout_basic
D:6:      layout_loops_cross, minmay_temple_entry_gardened_gates,
          ebering_ghost_reflecting_pool, st_stairs_2, sigmund_edmund_badplayer
D:7:      layout_gridville, enter_ossuary_1, kennysheep_decorative_pillar
D:8:      layout_loops_ring, david_lair_generic, kennysheep_cluttered_room,
          kennysheep_just_a_vault, uniq_psyche, uniq_erica
D:9:      layout_cave_pods, grunt_temple_overflow_open,
          nicolae_gozag_seed_capital, orc_david_3,
          minmay_fractal_squares_gapless_7
D:10:     layout_basic, jmf_multi_god_temple, serial_rivers,
          chequers_serial_rivers_micro_e, chequers_serial_rivers_micro_a,
          chequers_serial_rivers_micro_c, chequers_serial_rivers_micro_e,
          grunt_ministairs_12, hangedman_decor_diamond_cutter, moated_statue,
          uniq_fannar
D:11:     layout_long_grid
D:12:     layout_loops_ring, kennysheep_four_rooms
D:13:     nzn_winding_woodlands_small
          [nzn_winding_woodlands_5x15_pathside_ponds,
          nzn_winding_woodlands_center_triple_pond,
          nzn_winding_woodlands_5x15_jagged], layout_rooms, david_vaults_3,
          serial_shops, shop_fountains, kennysheep_mini_moat,
          nicolae_lakefront_shop, shop, uniq_erolcha
Temple:   hellmonk_temple_of_storms

Skill      XL: |  1  2  3  4  5  6  7  8  9 10 11 12 13 |
---------------+----------------------------------------+-----
Fighting       | 1 2 3 4 5 6 7 |  7.3
Ice Magic      | 1 2 3 4 5 6 |  6.0
Armour         | 1 2 3 |  3.0
Short Blades   | 2 3 4 5 6 7 |  7.2
Spellcasting   | 3 4 5 6 7 |  7.0
Dodging        | 3 4 5 6 8 9 |  9.9
Hexes          | 3 4 5 6 |  6.0
Stealth        | 4 5 6 8 9 10 | 10.1
Conjurations   | 3 4 5 6 |  6.0
Evocations     | 2 3 4 5 6 |  6.0
Air Magic      | 2 3 |  3.0
Poison Magic   | 1 3 |  3.0

Action                   |  1- 3 |  4- 6 |  7- 9 | 10-12 | 13-15 || total
-------------------------+-------+-------+-------+-------+-------++-------
Melee: Dagger            |    59 |    65 |   241 |   267 |       ||   632
       Kick              |    10 |     9 |    82 |   215 |    20 ||   336
       Peck              |     7 |     5 |    49 |   139 |    13 ||   213
       Punch             |       |     1 |     5 |     1 |       ||     7
       Quick blade       |       |       |       |   264 |    49 ||   313
 Cast: Ensorcelled Hiber |     8 |    20 |    51 |   182 |    20 ||   281
       Confusing Touch   |       |     1 |    27 |    32 |     5 ||    65
       Tukima's Dance    |       |       |     6 |    24 |     1 ||    31
       Dazzling Flash    |       |       |     2 |    14 |       ||    16
       Mephitic Cloud    |       |       |       |    11 |     1 ||    12
Evoke: Wand              |       |     2 |     5 |     7 |     1 ||    15
  Use: Scroll            |       |     3 |     4 |    12 |       ||    19
       Potion            |       |     1 |     2 |     4 |       ||     7
 Stab: Sleeping          |    10 |    22 |    32 |    97 |     8 ||   169
       Paralysed         |       |     2 |     2 |     2 |       ||     6
       Confused          |       |     1 |    18 |    34 |     2 ||    55
       Invisible         |       |       |     2 |     5 |     2 ||     9
       Distracted        |       |       |       |     1 |       ||     1
Armor: Robe              |    17 |     7 |    56 |     9 |       ||    89
       Leather armour    |     1 |     3 |       |       |       ||     4
       Acid dragon scale |       |       |       |   131 |    10 ||   141
Dodge: Dodged            |    37 |    32 |   202 |   408 |    46 ||   725
Block: Buckler           |       |       |       |    79 |     8 ||    87
